 Dungeon Crawl Stone Soup version 0.32-a0-18-g89e19f1974 (webtiles) character file.

Game seed: 16475753709133350752

3713 bobarctor the Ruffian (level 9, -3/68 HPs)
             Began as a Demonspawn Shapeshifter on Jan 17, 2024.
             Was an Initiate of Yredelemnul.
             Slain by a gnoll sergeant
             ... wielding a +0 spear
              (5 damage)
             ... on level 8 of the Dungeon.
             The game lasted 00:25:51 (7207 turns).

bobarctor the Ruffian (Demonspawn Shapeshifter)     Turns: 7207, Time: 00:25:51

Health: -3/68      AC:  3    Str: 16 (19) XL:     9   Next: 91%
Magic:  9/9        EV: 13    Int:  9 (10) God:    Yredelemnul [......]
Gold:   346        SH:  0    Dex: 11 (13) Spells: 8/8 levels left

rFire   . .          .
                       - Unarmed
rCold   . . .        (no shield)
rNeg    . . .        a - +1 animal skin
rPois   .            r - melded +0 helmet
rElec   .            (cloak currently unavailable)
rCorr   +            (gloves currently unavailable)
SInv    .            (boots currently unavailable)
Will    .....        (no amulet)
Stlth   +            i - +4 ring of slaying
HPRegen 0.31/turn    k - ring of resist corrosion
MPRegen 0.11/turn

%: no passive effects
@: mighty, beast-form
A: beast (slay +4), horns 1, foul stench 2, weakness stinger 1, demonic touch 1
a: Begin Untransformation, Renounce Religion, Recall Undead Harvest


You were on level 8 of the Dungeon.
You worshipped Yredelemnul.
Yredelemnul was noncommittal.
You were a hulking beast.
You visited 2 branches of the dungeon, and saw 9 of its levels.

You collected 346 gold pieces.

Inventory:

Missiles
 m - 59 stones
 E - 2 boomerangs
 F - 3 poisoned darts (quivered)
Armour
 a - a +1 animal skin (worn)
 r - a +0 helmet (melded)
 A - an orb of energy
 D - a +0 pair of gloves
Jewellery
 i - a +4 ring of slaying (left hand)
 k - a ring of resist corrosion (right hand)
 C - a ring of magical power
 G - an amulet of faith
Talismans
 c - a beast talisman (active)
 d - a flux talisman
 v - a blade talisman
Wands
 h - a wand of flame (7)
 y - a wand of charming (3)
 I - a wand of polymorph (9)
Scrolls
 e - 2 scrolls of teleportation
 l - a scroll of immolation {unknown}
 n - 3 scrolls of fear
 o - 2 scrolls of blinking
 u - a scroll of fog
 w - a scroll of identify {unknown}
 x - a scroll of revelation {unknown}
 H - a scroll of brand weapon {unknown}
Potions
 b - a potion of lignification
 f - a potion of might
 g - a potion of attraction {unknown}
 j - a potion of heal wounds {unknown}
 p - a potion of mutation {unknown}
 q - a potion of ambrosia {unknown}
 s - a potion of degeneration
 t - a potion of haste {unknown}
 z - a potion of cancellation {unknown}
 B - a potion of resistance {unknown}


   Skills:
 + Level 5.4 Fighting
 + Level 4.6 Throwing
 + Level 5.1 Dodging
 * Level 7.5 Unarmed Combat
 * Level 7.0 Shapeshifting


You had 8 spell levels left.
You didn't know any spells.
Your spell library contained the following spells:

 Spells                   Type           Power      Damage    Failure   Level
 Scorch                   Fire           0%         2d5       52%         2
 Chain Lightning          Conj/Air       0%         N/A       100%        9
 Fire Storm               Conj/Fire      0%         5d1       100%        9


Dungeon Overview and Level Annotations

Branches:
Dungeon (8/15)             Temple (1/1) D:7
   Lair: D:8-11

Altars:
Ashenzari
Cheibriados
Dithmenos
Fedhas
Gozag
Hepliaklqana
Kikubaaqudgha
Makhleb
Nemelex Xobeh
Okawaru
Qazlal
Ru
Sif Muna
Trog
Uskayaw
Vehumet
Xom
Yredelemnul

Portals:
Abyss: D:4

Annotations:
D:4 2 transporters, BigPumpCobain's ghost, amateur MiBe
D:7 Maurice


Innate Abilities, Weirdness & Mutations

You are a hulking beast.
Your limbs bulge with bestial killing power. (Slay +4)
You have a pair of small horns on your head.
You sometimes emit foul miasma when damaged in melee.
You have a small tail.
Your touch may inflict minor irresistible damage on your foes.


Message History

The gnoll hits you from afar with a +0 spear.
The orc enters a dispersal trap!
The gnoll sergeant blinks!
The gnoll blinks!
The orc blinks!
The gnoll blinks! x2; You blink.
The orc blinks!
The gnoll hits you but does no damage. The gnoll barely misses you.
You punch the gnoll!
The gnoll is almost dead.
The gnoll hits you from afar with a +0 spear.
The gnoll hits you with a +0 flail! The orc hits you with a +0 short sword.
You emit a cloud of foul miasma!
You hit the gnoll.
You kill the gnoll!
The gnoll misses you.
The gnoll sergeant hits you from afar with a +0 spear!
The orc is engulfed in dark miasma.
The orc is poisoned.
The orc hits you with a +0 short sword.
Your Shapeshifting skill increases to level 7!
The gnoll hits you from afar with a +0 spear.
* * * LOW HITPOINT WARNING * * *
The gnoll sergeant hits you from afar with a +0 spear!
* * * LOW HITPOINT WARNING * * *
The orc is engulfed in dark miasma.
The orc looks even sicker.
The orc seems to slow down.
You kill the orc!
You see here a +0 flail.
The gnoll sergeant hits you from afar with a +0 spear!
* * * LOW HITPOINT WARNING * * *
The orc priest barely misses you.
Unknown command.
It was a potion of degeneration.
There was something very wrong with that liquid.
You feel weakened.
You feel dopey.
You feel clumsy.
The gnoll sergeant hits you from afar with a +0 spear.
* * * LOW HITPOINT WARNING * * *
The orc priest misses you.
It was a potion of might.
You feel very mighty all of a sudden. The gnoll barely misses you.
The gnoll sergeant hits you from afar with a +0 spear.
You die...
Your body rises from the dead as a mindless zombie.

#### #... #o.. #... +... #...
#.... #... ..... #..< ......
#... ....o.############ ###.
......(......h)g.# #.
..............o☼.# #######.
.#####.........g.######.......
#......^.................
#........o..######......#
#...........# ####......#
##......###.####..........
..........#.#..Z..........
##......#.#.#.##..........


You could see a gnoll sergeant, an orc priest, a gnoll and an orc.

Vanquished Creatures
  Jeremiah (D:7)
  A troll (D:7)
  Prince Ribbit (D:6)
  3 yaks (D:8)
  3 black bears
  An ice beast (D:7)
  3 ogres
  2 centaurs (D:8)
  Blork the orc (D:4)
  A gnoll sergeant (D:7)
  A bullfrog (D:7)
  A water moccasin zombie (D:5)
  A scorpion (D:5)
  A howler monkey (D:5)
  An electric eel (D:6)
  A centaur zombie (D:5)
  8 hounds
  3 bombardier beetles
  2 jellies
  A sleepcap (D:6)
  Natasha (thrice) (D:3)
  4 iguanas
  3 orc wizards (D:8)
  A mummy (D:7)
  9 gnolls
  2 adders
  A white imp (D:7)
  2 ufetubi (D:6)
  4 ribbon worms
  2 dart slugs
  14 orcs
  8 endoplasms
  2 giant cockroaches
  9 goblins
  8 hobgoblins
  10 jackals
  4 quokkas (D:1)
  7 ball pythons
  4 bats
  7 frilled lizards
  8 kobolds
  2 rats
151 creatures vanquished.

Vanquished Creatures (collateral kills)
  A hornet (D:8)
  2 yaks (D:8)
  A jelly (D:7)
  2 orcs
6 creatures vanquished.

Vanquished Creatures (others)
  2 yak zombies (D:8)
  A centaur zombie (D:8)
  An ice beast zombie (D:7)
  A jelly zombie (D:7)
  A spectral white imp (D:7)
  A gnoll zombie (D:8)
  A bombardier beetle zombie (D:7)
  6 orc zombies
  2 spectral ufetubi (D:6)
16 creatures vanquished.

Grand Total: 173 creatures vanquished

Notes
Turn   | Place    | Note
-------+----------+-------------------------------------------
     0 | D:1      | bobarctor the Demonspawn Shapeshifter began the quest for
                  | the Orb.
     0 | D:1      | Reached XP level 1. HP: 15/15 MP: 1/1
   196 | D:1      | Gained mutation: You may rarely emit foul miasma when
                  | damaged in melee. [demonic ancestry]
   196 | D:1      | Reached XP level 2. HP: 19/21 MP: 2/2
   528 | D:1      | Reached XP level 3. HP: 26/26 MP: 3/3
  1281 | D:2      | Discovered your monstrous ancestry.
  1281 | D:2      | Gained mutation: You have a small tail. [demonic ancestry]
  1281 | D:2      | Reached XP level 4. HP: 32/33 MP: 4/4
  1418 | D:2      | You fall into a shaft and drop 1 floor!
  1423 | D:2      | Noticed Natasha
  1475 | D:3      | Killed Natasha
  1748 | D:3      | Noticed Natasha
  1757 | D:3      | Killed Natasha
  1871 | D:3      | Found a faded altar of an unknown god.
  1871 | D:3      | Noticed an ice devil
  2089 | D:3      | Found a snail-covered altar of Cheibriados.
  2094 | D:3      | Reached XP level 5. HP: 27/38 MP: 5/5
  2308 | D:3      | Noticed Natasha
  2319 | D:3      | Killed Natasha
  2332 | D:3      | Reached skill level 1 in Throwing
  2498 | D:3      | Found a broken altar of Ashenzari.
  2966 | D:4      | Noticed a small abomination
  2977 | D:4      | Found a transporter.
  3000 | D:4      | Reached XP level 6. HP: 20/46 MP: 6/6
  3260 | D:4      | Found a shadowy altar of Dithmenos.
  3273 | D:4      | Noticed Blork the orc
  3283 | D:4      | Killed Blork the orc
  3406 | D:4      | Found a one-way gate to the infinite horrors of the Abyss.
  3406 | D:4      | Noticed BigPumpCobain's ghost (amateur MiBe)
  3412 | D:4      | Found a transporter.
  3614 | D:5      | Entered Level 5 of the Dungeon
  3628 | D:5      | Gained mutation: You have a pair of small horns on your
                  | head. [demonic ancestry]
  3628 | D:5      | Reached XP level 7. HP: 45/51 MP: 7/7
  3966 | D:5      | Got the Compilation of Gases and the Volcano
  4013 | D:5      | Reached skill level 5 in Unarmed Combat
  4250 | D:5      | Gained mutation: You sometimes emit foul miasma when
                  | damaged in melee. [demonic ancestry]
  4250 | D:5      | Reached XP level 8. HP: 52/58 MP: 8/8
  4275 | D:5      | Found a basalt altar of Yredelemnul.
  4284 | D:5      | Became a worshipper of Yredelemnul the Dark
  4447 | D:6      | Reached skill level 5 in Shapeshifting
  4606 | D:6      | Reached * piety under Yredelemnul
  4835 | D:6      | Noticed Prince Ribbit
  4857 | D:6      | Killed Prince Ribbit
  5485 | D:7      | Noticed a troll
  5494 | D:7      | Killed a troll
  5532 | D:7      | Noticed Maurice
  5791 | D:7      | Found a staircase to the Ecumenical Temple.
  5797 | D:7      | Noticed Jeremiah
  5800 | Temple   | Entered the Ecumenical Temple
  5803 | Temple   | Gained mutation: Your touch may inflict minor irresistible
                  | damage on your foes. [demonic ancestry]
  5803 | Temple   | Reached XP level 9. HP: 66/66 MP: 9/9
  5933 | D:7      | Killed Jeremiah
  6515 | D:7      | Reached ** piety under Yredelemnul
  6645 | D:8      | Reached skill level 5 in Fighting
  6845 | D:8      | Reached skill level 5 in Dodging
  7205 | D:8      | HP: 2/68 [gnoll sergeant/+0 spear (7)]
  7207 | D:8      | Slain by a gnoll sergeant

Illustrated notes

Levels and vault maps discovered:
D:1:      amcnicky_arrival_underground_garden, layout_loops_cross, st_stairs_10,
          minmay_split_cup_small
D:2:      layout_rooms, uniq_natasha
D:3:      layout_loops_ring, lemuel_round_altar, slow_altar_1,
          dreamdust_ecumenical_altar_sealed_demon, minmay_door_square,
          kennysheep_small_spiral
D:4:      layout_cave_pools, mainiacjoe_overflow_boulevard,
          gammafunk_ghost_abyssal_escape, uniq_blork_the_orc
D:5:      layout_rooms, lemuel_zombie_altar_yredelemnul, grunt_ministairs_9
D:6:      layout_rooms, water_maze_lemuel, uniq_prince_ribbit1
D:7:      layout_cave_pools, tso_altar, minmay_temple_entry_gardened_gates,
          gup_ossuary_entry_pyramid, roderic_roman_lattice, uniq_maurice,
          uniq_jeremiah
D:8:      layout_basic, mainiacjoe_overflow_surrounded_room, billiards_dpeg
Temple:   kb_temple_of_zot

Skill      XL: |  1  2  3  4  5  6  7  8  9 |
---------------+----------------------------+-----
Unarmed Combat | 3 4 5 6 7 |  7.5
Dodging        | 2 3 4 5 |  5.1
Shapeshifting  | 3 4 5 7 |  7.0
Fighting       | 2 3 4 5 |  5.4
Throwing       | 1 2 3 4 |  4.6

Action                     |  1- 3 |  4- 6 |  7- 9 || total
---------------------------+-------+-------+-------++-------
  Melee: Unarmed           |   146 |   104 |   146 ||   396
         Punch             |     2 |     1 |    10 ||    13
         Tailslap          |       |    15 |    24 ||    39
         Headbutt          |       |       |    36 ||    36
         Touch             |       |       |    10 ||    10
  Throw: Dart              |       |     6 |    10 ||    16
         Stone             |       |       |     3 ||     3
  Evoke: Wand              |       |     4 |     5 ||     9
    Use: Scroll            |       |       |     8 ||     8
         Potion            |       |       |     2 ||     2
 Armour: Animal skin       |    59 |    57 |   108 ||   224
  Dodge: Dodged            |    83 |    58 |    87 ||   228
   Form: Beast             |       |     2 |       ||     2
                           |       |     1 |       ||     1

Table legend: (Time is in decaauts)
 A = Elapsed time spent in this place.
 B = Non-inter-level travel time spent in this place.
 C = Inter-level travel time spent in this place.
 D = Time resting spent in this place.
 E = Time spent auto-exploring this place.
 F = Levels seen in this place.
 G = Mean time per level.
                   A        B        C        D        E       F      G
               +--------+--------+--------+--------+--------+-----+--------+
         Total |   7178 |   6831 |    347 |   1593 |   3822 |   9 |  797.6 |
       Dungeon |   7071 |   6724 |    347 |   1493 |   3822 |   8 |  883.9 |
        Temple |    107 |    107 |      0 |    100 |      0 |   1 |  107.0 |
               +--------+--------+--------+--------+--------+-----+--------+

Top non-repeatable levels by time:
     D:6: 1211 daAuts
     D:3: 1199 daAuts
     D:4: 894 daAuts
     D:1: 839 daAuts
     D:2: 832 daAuts
     D:7: 793 daAuts
     D:8: 650 daAuts
     D:5: 648 daAuts
  Temple: 107 daAuts
